 Dungeon Crawl Stone Soup version 0.30.0 (webtiles) character file.

Game seed: 7166770776963627672

2361 Skippwaahh the Contemplative (level 9, -3/69 HPs)
             Began as a Demonspawn Wanderer on Oct 13, 2023.
             Was a Priest of Cheibriados.
             Slain by a hornet (4 damage)
             ... while paralysed by a hornet
             ... on level 7 of the Dungeon on Oct 20, 2023.
             The game lasted 00:32:24 (7009 turns).

Skippwaahh the Contemplative (Demonspawn Wanderer)  Turns: 7009, Time: 00:32:24

Health: -3/69      AC: 11    Str: 28    XL:     9   Next: 21%
Magic:  0/14       EV:  2    Int: 30    God:    Cheibriados [***...]
Gold:   462        SH:  0    Dex: 18    Spells: 6/10 levels left

rFire   + . .        a - +9 sling of Cowardice {heavy, Contam Int+6}
rCold   . . .        (no shield)
rNeg    . . .        x - +0 ring mail {rF+}
rPois   .            (no helmet)
rElec   .            t - +0 cloak
rCorr   .            (no gloves)
SInv    .            (no boots)
Will    .....        y - amulet of the acrobat
Stlth   +            o - +6 ring of strength
HPRegen 0.31/turn    e - +4 ring of protection
MPRegen 0.28/turn

%: acrobat, guardian spirit
@: paralysed, lethally poisoned (-3 -> -36), slowed, very slow
A: claws 1, large bone plates 2, magic shield, magic regeneration, no potion
heal 1
a: Renounce Religion, Bend Time, Temporal Distortion


You were on level 7 of the Dungeon.
You worshipped Cheibriados.
Cheibriados was most pleased with you.
You visited 2 branches of the dungeon, and saw 8 of its levels.

You collected 462 gold pieces.

Inventory:

Hand Weapons
 a - the +9 sling of Cowardice (weapon) {heavy, Contam Int+6}
   (You found it on level 6 of the Dungeon)

   Int:       It affects your intelligence (+6).
   Contam:    It causes magical contamination when unequipped.
 b - a +1 whip of electrocution
 f - a +2 hand axe
Missiles
 C - 3 boomerangs
 F - 103 stones
Armour
 t - a +0 cloak (worn)
 x - a +0 ring mail of fire resistance (worn)
Jewellery
 e - a +4 ring of protection (right claw)
 i - a +4 ring of protection
 j - a +6 ring of strength
 n - a ring of protection from cold
 o - a +6 ring of strength (left claw)
 u - a ring of magical power
 y - an amulet of the acrobat (around neck)
 L - a ring of poison resistance
Wands
 K - a wand of iceblast (9)
Scrolls
 d - a scroll of fog {unknown}
 g - 3 scrolls of teleportation
 k - a scroll of brand weapon {unknown}
 l - a scroll of blinking {unknown}
 m - a scroll of enchant armour {unknown}
 q - 2 scrolls of enchant weapon {unknown}
 r - a scroll of vulnerability
 v - a scroll of fear {unknown}
 D - 2 scrolls of noise {unknown}
 E - 2 scrolls of amnesia {unknown}
 G - a scroll of identify
 I - a scroll of silence {unknown}
 J - 2 scrolls of torment {unknown}
 N - a scroll of immolation {unknown}
Potions
 h - 3 potions of heal wounds
 p - 2 potions of mutation
 s - 2 potions of attraction
 w - a potion of magic {unknown}
 z - 2 potions of flight
 A - 2 potions of might {unknown}
 B - a potion of berserk rage {unknown}
 H - a potion of degeneration {unknown}
 M - a potion of brilliance {unknown}


   Skills:
 + Level 5.7 Fighting
 - Level 1.7 Axes
 * Level 2.2 Ranged Weapons
 + Level 3.7 Armour
 - Level 4.0 Dodging
 - Level 1.0 Stealth
 - Level 3.7 Unarmed Combat
 - Level 1.0 Spellcasting
 + Level 3.8 Hexes
 - Level 4.0 Summonings
 - Level 7.0 Invocations


You had 6 spell levels left.
You knew the following spells:

 Your Spells              Type           Power      Damage    Failure   Level
a - Summon Small Mammal   Summ           100%       N/A       2%          1
b - Summon Guardian Gole  Hex/Summ       24%        N/A       8%          3

Your spell library contained the following spells:

 Spells                   Type           Power      Damage    Failure   Level
 Blink                    Tloc           2%         N/A       19%         2
 Lesser Beckoning         Tloc           2%         N/A       19%         2
 Momentum Strike          Conj/Tloc      2%         3d8       19%         2


Dungeon Overview and Level Annotations

Branches:
Dungeon (7/15)             Temple (1/1) D:6

Altars:
Ashenzari
Cheibriados
Dithmenos
Fedhas
Gozag
Hepliaklqana
Kikubaaqudgha
Makhleb
Nemelex Xobeh
Okawaru
Sif Muna
Trog
Uskayaw
Vehumet
Wu Jian
Xom

Shops:
D:1 ==(   D:3 :


Innate Abilities, Weirdness & Mutations

You have sharp fingernails.
You are mostly covered in large bone plates. (SH +6)
When hurt, damage is shared between your health and your magic reserves.
You regenerate magic rapidly.
Potions are less effective at restoring your health.


Message History

You feel as though you will be slow longer.
Fire: a) +9 sling of Cowardice {heavy, Contam Int+6}
Press: ? - help, Q - select action, (/) - cycle Shift-Dir - straight line, f/p - hornet
Aim: a hornet (severely wounded, poisoned, 60% to hit)
You shoot a sling bullet.
The sling bullet closely misses the hornet.
You feel yourself speed up.
You feel very sick.
The hornet looks more healthy.
You block the hornet's attack. x2
The hornet closely misses you. The hornet stings you!
You are more poisoned.
You feel yourself slow down.
Fire: a) +9 sling of Cowardice {heavy, Contam Int+6}
Press: ? - help, Q - select action, (/) - cycle Shift-Dir - straight line, f/p - hornet
Aim: a hornet (almost dead, 60% to hit)
You shoot a sling bullet.
The sling bullet hits the hornet but does no damage.
The hornet is almost dead.
You feel extremely sick. The hornet closely misses you.
The hornet completely misses you. The hornet stings you!
You are lethally poisoned!
You feel as though you will be slow longer.
The hornet closely misses you. The hornet stings you.
You are more poisoned.
You feel as though you will be slow longer.
Fire: a) +9 sling of Cowardice {heavy, Contam Int+6}
Press: ? - help, Q - select action, (/) - cycle Shift-Dir - straight line, f/p - hornet
Aim: a hornet (almost dead, 60% to hit)
You shoot a sling bullet. The sling bullet misses the hornet.
* * * LOW HITPOINT WARNING * * *
You feel extremely sick. The hornet completely misses you.
The hornet stings you!
* * * LOW HITPOINT WARNING * * *
You suddenly lose the ability to move!
The hornet stings you.
* * * LOW HITPOINT WARNING * * *
You are more poisoned.
You feel as though you will be slow longer.
The hornet stings you.
You die...

#...........##.##.<.....# #....
#...........##.##.###.[.###....
#...........##....##...........
####..............##...........
#.).............##.......####
#...............##########
#..............#....
###..............(..
##..........@y((....
#........#.##.......
#........### ##.....
###...##..###### ....
#.....##.......# .##
#.....##.##....# ##########
#....###.##....# #.......##
###### #.###'#########.......##
#.....................##


You could see a hornet.

Vanquished Creatures
  Pikel (D:5)
  Grinder (D:3)
  Sigmund (D:3)
  A water moccasin (D:6)
  2 black bears
  An ogre (D:6)
  A centaur (D:5)
  A phantom (D:4)
  3 lemures (D:5)
  A kobold brigand (D:6)
  A bullfrog (D:6)
  A scorpion (D:6)
  2 wights (D:6)
  4 hounds
  A jelly (D:5)
  A gnoll bouda (D:7)
  Jessica (D:3)
  3 iguanas
  3 orc wizards
  Robin (D:2)
  9 gnolls
  10 adders
  A white imp (D:7)
  An ufetubus (D:4)
  A dart slug (D:5)
  13 orcs
  2 endoplasms
  3 giant cockroaches
  6 hobgoblins
  13 kobolds
  4 quokkas
  5 ball pythons
  7 bats
  4 frilled lizards
  15 goblins
  5 rats
130 creatures vanquished.

Vanquished Creatures (others)
  7 fungi (D:5)
  20 plants (D:1)
27 creatures vanquished.

Grand Total: 157 creatures vanquished

Notes
Turn   | Place    | Note
-------+----------+-------------------------------------------
     0 | D:1      | Skippwaahh the Demonspawn Wanderer began the quest for the
                  | Orb.
     0 | D:1      | Skippwaahh set off with the following items: a +2 hand axe,
                  | a +0 cloak, a potion of curing, a +0 robe; and the
                  | following spell memorised: Summon Small Mammal; and the
                  | following spells available to memorise: Summon Guardian
                  | Golem.
     0 | D:1      | Reached XP level 1. HP: 15/15 MP: 2/2
    62 | D:1      | Found Xatremy's Jewellery Shop.
    88 | D:1      | Found Egheurist's Weapon Shoppe.
   154 | D:1      | Found Penn's Jewellery Boutique.
   210 | D:1      | Gained mutation: You are partially covered in large bone
                  | plates. (SH +4) [demonic ancestry]
   210 | D:1      | Reached XP level 2. HP: 21/21 MP: 3/3
   849 | D:2      | Noticed Robin
   858 | D:2      | Gained mutation: You regenerate magic rapidly. [demonic
                  | ancestry]
   858 | D:2      | Reached XP level 3. HP: 23/27 MP: 4/4
   873 | D:2      | Killed Robin
  1487 | D:3      | Gained mutation: When hurt, damage is shared between your
                  | health and your magic reserves. [demonic ancestry]
  1487 | D:3      | Reached XP level 4. HP: 33/33 MP: 5/5
  1525 | D:3      | Noticed Jessica
  1543 | D:3      | Killed Jessica
  1549 | D:3      | Found an ornate altar of the Wu Jian Council.
  1675 | D:3      | Found a faded altar of an unknown god.
  1693 | D:3      | Prayed at the altar of an unknown god.
  1693 | D:3      | Became a worshipper of Cheibriados the Contemplative
  1693 | D:3      | Reached * piety under Cheibriados
  1738 | D:3      | Noticed Sigmund
  1750 | D:3      | Found Becsebaj's Book Shoppe.
  1825 | D:3      | Noticed Grinder
  1837 | D:3      | Paralysed by Grinder for 5 turns
  1850 | D:3      | Paralysed by Grinder for 4 turns
  1866 | D:3      | Killed Grinder
  1867 | D:3      | Reached skill level 4 in Invocations
  1867 | D:3      | Reached XP level 5. HP: 15/41 MP: 3/8
  1867 | D:3      | Reached XP level 6. HP: 17/47 MP: 3/9
  1994 | D:3      | Found an iron altar of Okawaru.
  2135 | D:3      | Killed Sigmund
  2136 | D:3      | Reached skill level 5 in Invocations
  2245 | D:4      | Gained mutation: You have sharp fingernails. [demonic
                  | ancestry]
  2245 | D:4      | Reached XP level 7. HP: 45/52 MP: 9/11
  2346 | D:4      | Reached ** piety under Cheibriados
  2881 | D:4      | Reached skill level 6 in Invocations
  3094 | D:4      | Learned a level 3 spell: Summon Guardian Golem
  3188 | D:4      | Reached skill level 1 in Armour
  3464 | D:5      | Entered Level 5 of the Dungeon
  3799 | D:5      | Reached skill level 1 in Hexes
  3892 | D:5      | Reached skill level 7 in Invocations
  4159 | D:5      | Noticed Pikel
  4209 | D:5      | Reached XP level 8. HP: 32/61 MP: 11/13
  4473 | D:5      | HP: 1/61 [Pikel/+1 whip of electrocution (12)]
  4508 | D:5      | Killed Pikel
  4509 | D:5      | Reached skill level 5 in Fighting
  4734 | D:5      | Reached *** piety under Cheibriados
  5228 | D:6      | Found a staircase to the Ecumenical Temple.
  5238 | Temple   | Entered the Ecumenical Temple
  5570 | D:6      | Identified the +9 sling of Cowardice {heavy, Contam Int+6}
  5685 | D:6      | Gained mutation: Potions are less effective at restoring
                  | your health. [mutagenic glow]
  5857 | D:6      | Reached skill level 1 in Ranged Weapons
  5857 | D:6      | Gained mutation: You are mostly covered in large bone
                  | plates. (SH +6) [demonic ancestry]
  5857 | D:6      | Reached XP level 9. HP: 58/68 MP: 14/14
  6032 | D:6      | Found an opulent altar of Gozag.
  6274 | D:6      | Found a shimmering altar of Xom.
  6667 | D:7      | Found a hide-covered altar of Uskayaw.
  7009 | D:7      | HP: 3/69 [hornet (6)]
  7009 | D:7      | Paralysed by a hornet for 1 turns
  7009 | D:7      | HP: 1/69 [hornet (2)]
  7009 | D:7      | Slain by a hornet

Illustrated notes

Levels and vault maps discovered:
D:1:      roderic_crop_circles_arrival_small, layout_rooms, serial_shops, shop,
          nicolae_shop_gaudy_bauble, nicolae_square_shop
D:2:      layout_loops_cross, nicolae_eternal_life, uniq_robin
D:3:      layout_basic, okawaru_altar_gauntlet_db, mainiacjoe_overflow_alcove_4,
          serial_shops, shop, chequers_ecumenical_altar_island, st_stairs_12,
          uniq_jessica, uniq_grinder, uniq_sigmund
D:4:      layout_gridville
D:5:      layout_basic, serial_aquarium, aquarium_bridge_straight
          [aquarium_subvault_bridge, aquarium_subvault_wall,
          aquarium_subvault_bridge, aquarium_subvault_window],
          aquarium_window_1, aquarium_window_1, aquarium_view_2b,
          aquarium_view_2c, aquarium_balcony_double_4, uniq_pikel
D:6:      layout_loops_corners, nicolae_gozag_seed_capital, xom_teletrap_fun,
          minmay_temple_entry_overgrown, minmay_between
D:7:      layout_basic, mainiacjoe_overflow_paths
Temple:   oiseaux_autumnal_temple

Skill      XL: |  1  2  3  4  5  6  7  8  9 |
---------------+----------------------------+-----
Dodging        | 2 3 4 |  4.0
Summonings     | 3 4 |  4.0
Fighting       | 2 3 4 5 |  5.7
Invocations    | 4 5 7 |  7.0
Armour         | 1 3 |  3.7
Hexes          | 1 3 |  3.8
Unarmed Combat | 3 |  3.7
Ranged Weapons | 1 2 |  2.2
Axes           | |  1.7
Stealth        | |  1.0
Spellcasting   | |  1.0

Action                     |  1- 3 |  4- 6 |  7- 9 || total
---------------------------+-------+-------+-------++-------
  Melee: Hand axe          |   134 |    79 |   285 ||   498
         Punch             |       |       |     3 ||     3
         Whip              |       |       |    73 ||    73
   Fire: Sling             |       |       |    17 ||    17
  Throw: Stone             |       |       |    25 ||    25
         Dart              |       |       |     4 ||     4
   Cast: Summon Small Mamm |       |       |     3 ||     3
         Summon Guardian G |       |       |     1 ||     1
 Invoke: Bend Time         |       |     1 |     1 ||     2
    Use: Scroll            |       |     1 |     6 ||     7
         Potion            |       |       |     5 ||     5
   Stab: Sleeping          |     3 |     1 |     1 ||     5
         Distracted        |       |     1 |       ||     1
         Invisible         |       |       |     3 ||     3
 Armour: Robe              |    52 |    33 |       ||    85
         Ring mail         |       |     3 |   148 ||   151
  Dodge: Dodged            |    78 |    51 |   374 ||   503
  Block: Other             |    24 |    13 |    74 ||   111
